[Event "Betsys MČR v online bleskovém šachu 2021"]
[Site "Chess.com"]
[Date "2021.04.17"]
[Round "4"]
[White "matykov"]
[Black "Loveforever_Pepi"]
[Result "1-0"]
[WhiteElo "2015"]
[BlackElo "2282"]
[TimeControl "180+1"]
[EndTime "9:37:15 PDT"]
[Termination "Uživatel matykov zvítězil po vzdání soupeře"]

1. e4 c5 2. Nf3 d6 3. d4 cxd4 4.
Nxd4 Nf6 5. Nc3 g6 6. Be3 Bg7 7.
f3 O-O 8. Qd2 Nc6 9. Bc4 Bd7 10.
O-O-O Ne5 11. Bb3 Qa5 12. h4 Rfc8 13. Kb1 Rab8 14. h5 Nxh5 15. g4 Nf6 16. Bh6 Bxh6 17.
Qxh6 Rxc3 18. bxc3 Qxc3 19. g5 Nh5 20. Rxh5 gxh5 21.
Qxh5 Nc4 22. Bxc4 Qxc4 23. Rh1 Qxd4 24. Qxh7+ Kf8 25. Qh8+ Qxh8 26. Rxh8+ Kg7 27. Rxb8 Bc6 28. Kb2 d5 29. e5 Kg6 30. Rf8 Bd7 31. Kc3 Be6 32.
Rb8 Kxg5 33. Rxb7 Kf4 34. Rxa7 Kxf3 35. Kd4 Ke2 36. a4 Kd2 37. c3 1-0

[Event "Betsys MČR v online bleskovém šachu 2021"]
[Site "Chess.com"]
[Date "2021.04.17"]
[Round "4"]
[White "Lunaticx"]
[Black "Krvelacny_krecek"]
[Result "1-0"]
[WhiteElo "3006"]
[BlackElo "2384"]
[TimeControl "180+1"]
[EndTime "9:37:16 PDT"]
[Termination "Uživatel Lunaticx zvítězil na čas"]

1. e4 e5 2. Nf3 Nc6 3. Bc4 Nf6 4. d3 Bc5 5. O-O O-O 6. c3 d6 7. Re1 a6 8. a4 h6 9. h3 Ba7 10. Nbd2 Be6 11. b4 Ne7 12. Qb3 Qd7 13. Bxe6 fxe6 14. Nf1 Ng6 15. Ng3 Kh7 16. Be3 Rf7 17. d4 exd4 18.
cxd4 Raf8 19. Nh2 d5 20. e5 Ng8 21. Qc2 Ne7 22. Rac1 c6 23. f4 Nf5 24. Nxf5 Rxf5 25. g4 Rxf4 26. Bxf4 Rxf4 27. h4 Rxd4 28. Kh1 Rc4 29.
Qd3 Rd4 30. Qb1 Qe7 31. h5 Qg5 32. Qxg6+ Qxg6 33. hxg6+ Kxg6 34. b5 axb5 35. axb5 c5 36. Red1 Rb4 37. Rb1 Rf4 38. b6 Bb8 39. Rf1 Re4 40.
Nf3 Bxe5 41. Rbe1 Rxe1 42. Rxe1 Bf4 43. Rxe6+ Kf7 44. Re2 c4 45. Kg2 c3 46. Rc2 1-0

[Event "Betsys MČR v online bleskovém šachu 2021"]
[Site "Chess.com"]
[Date "2021.04.17"]
[Round "4"]
[White "ReceptiveYoyo"]
[Black "Jindrich4321"]
[Result "0-1"]
[WhiteElo "1324"]
[BlackElo "1936"]
[TimeControl "180+1"]
[EndTime "9:37:16 PDT"]
[Termination "Uživatel Jindrich4321 zvítězil po vzdání soupeře"]

1. d4 f5 2. c4 Nf6 3. e3 d6 4.
Nf3 g6 5. Nc3 Bg7 6. Bd3 O-O 7. O-O c6 8. e4 fxe4 9. Nxe4 Nxe4 10.
Bxe4 Nd7 11. d5 c5 12. Bg5 Ne5 13. Nxe5 Bxe5 14. Qd2 Bf5 15. Bxf5 Rxf5 16. Be3 Qd7 17. f4 Bg7 18. Rab1 b5 19. b3 Rb8 20. Qd3 Rff8 21.
g4 Qxg4+ 22. Kh1 Qf5 23. Qxf5 Rxf5 24. a4 bxa4 25. bxa4 Rff8 26. Kg2 Rfc8 27. Kf3 a6 28. Ke4 Rb4 29. Rxb4 cxb4 30. Kd3 Kf7 31. Rb1 a5 32.
Bb6 Ra8 33. c5 dxc5 34. Bxc5 Bf6 35. Ke4 Ke8 36. f5 gxf5+ 37. Kxf5 Kd7 38. Ke4 Ra6 39.
Kf5 Bc3 40. Ke4 Rh6 41. Kd3 Rxh2 42. Kc4 Rh5 43. Bb6 e6 44. dxe6+ Kxe6 45. Rf1 Kd7 46. Rf7+ Kc6 47. Bf2 h6 48. Rf6+ Bxf6 0-1

[Event "Betsys MČR v online bleskovém šachu 2021"]
[Site "Chess.com"]
[Date "2021.04.17"]
[Round "4"]
[White "p_kana"]
[Black "Honzik1950"]
[Result "0-1"]
[WhiteElo "1789"]
[BlackElo "1513"]
[TimeControl "180+1"]
[EndTime "9:37:16 PDT"]
[Termination "Uživatel Honzik1950 zvítězil na čas"]

1. e4 a6 2. d4 b5 3. c4 b4 4. b3 e6 5. Bb2 Bb7 6. Nf3 d6 7. Bd3 Nf6 8. Qe2 Be7 9. O-O O-O 10. Nbd2 Nbd7 11. Rad1 c5 12. d5 e5 13. Nh4 Nxd5 14.
exd5 Bxh4 15. f4 Re8 16. Qh5 g6 17. Qh6 Bf6 18. fxe5 Nxe5 19. Ne4 Bg7 20. Qc1 Nxd3 21. Rxd3 Rxe4 22. Bxg7 Kxg7 23. Rdf3 Re7 24. Qg5 Qd7 25. Rh3 Rh8 26. Qf6+ Kg8 27. Rhf3 Bc8 28. h4 Qe8 29. h5 h6 30. Qxd6 Bf5 31. Rxf5 gxf5 32. Rf3 Re1+ 33. Kf2 Qe2+ 34. Kg3 Qe5+ 35. Qxe5 Rxe5 36.
Kf4 f6 0-1

[Event "Betsys MČR v online bleskovém šachu 2021"]
[Site "Chess.com"]
[Date "2021.04.17"]
[Round "4"]
[White "FMD-MP"]
[Black "CrisBenton4"]
[Result "0-1"]
[WhiteElo "1749"]
[BlackElo "1439"]
[TimeControl "180+1"]
[EndTime "9:37:16 PDT"]
[Termination "Uživatel CrisBenton4 zvítězil na čas"]

1. c4 Nf6 2. Nc3 g6 3. g3 Bg7 4. Bg2 c5 5. d3 d6 6. e4 O-O 7. Nge2 Nc6 8. O-O Bd7 9. h3 h6 10. Kh2 Rc8 11. Rb1 a6 12. a4 Ne5 13. f4 Nc6 14. Be3 Nb4 15. Qd2 Nc6 16. f5 g5 17. Ng1 Qc7 18. Nf3 Nh5 19. h4 f6 20. Nd5 Qd8 21. hxg5 fxg5 22. b3 Nf6 23. Qf2 Ng4+ 24. Kg1 Nxf2 25. Rxf2 Ne5 26. Rbf1 Ng4 27.
Re2 Nxe3 28. Nxe3 Bc6 29. Nh2 Bd4 30. Ng4 Kh7 31. Ref2 Bxe3 32. Nxe3 Bd7 33. Bh3 Qc7 34.
Kh2 Rf6 35. Kg2 Rcf8 36. Kh2 Qd8 37. Bg2 e6 38. fxe6 Rxf2 39. exd7 Qxd7 0-1

[Event "Betsys MČR v online bleskovém šachu 2021"]
[Site "Chess.com"]
[Date "2021.04.17"]
[Round "4"]
[White "jsebesta"]
[Black "zaciname"]
[Result "1-0"]
[WhiteElo "1612"]
[BlackElo "724"]
[TimeControl "180+1"]
[EndTime "9:37:16 PDT"]
[Termination "Uživatel jsebesta zvítězil matem"]

1. e4 e5 2. Nf3 Nf6 3. Nxe5 Qe7 4. d4 d6 5. Nf3 Nxe4 6. Be3 Nf6 7. Nc3 Be6 8. d5 Bd7 9. Nb5 Qd8 10. a4 Be7 11. Be2 Bxb5 12. Bxb5+ c6 13. dxc6 bxc6 14. Bd3 O-O 15. O-O Nbd7 16. Nd4 Qc7 17. Nf5 Rfe8 18. Re1 d5 19. g3 Qe5 20. Bf4 Qxb2 21. Nxe7+ Kf8 22.
Nxc6 Qc3 23. Bd6+ Kg8 24. Ne7+ Kh8 25. Qf3 Rac8 26. Qf5 Nf8 27. Rf1 Ng6 28. Nxc8 Re6 29. Bf4 Nxf4 30. Qxf4 Nh5 31. Qb8 g6 32. Ne7+ Kg7 33.
Qg8+ Kf6 34. Nxd5+ Ke5 35. Nxc3 Kd4 36. Qd8+ Kxc3 37. Qc7+ Kb2 38. Qc4 Nxg3 39. Qb3# 1-0

[Event "Betsys MČR v online bleskovém šachu 2021"]
[Site "Chess.com"]
[Date "2021.04.17"]
[Round "4"]
[White "Jaja15F"]
[Black "Molefancier"]
[Result "1-0"]
[WhiteElo "1120"]
[BlackElo "1062"]
[TimeControl "180+1"]
[EndTime "9:37:16 PDT"]
[Termination "Uživatel Jaja15F zvítězil matem"]

1. d4 Nf6 2. Nf3 e6 3. e3 d5 4. Bd3 c5 5. Bd2 cxd4 6. exd4 Nc6 7. Nc3 a6 8. O-O Be7 9. Be3 Qd6 10. Re1 Ng4 11. h3 Nxe3 12. Rxe3 O-O 13. Qe2 Bf6 14.
Ne5 Nxd4 15. Qh5 g6 16. Nxg6 fxg6 17. Qg4 Nf5 18. Bxf5 exf5 19. Qf3 d4 20. Rd3 Qb6 21. Nd5 Qxb2 22. Nxf6+ Rxf6 23. Qd5+ Be6 24. Qxd4 Qxc2 25.
Rc3 Qb2 26. Kh2 Raf8 27. Rac1 Qxa2 28. Rc4 b5 29. Rc6 Bc4 30. Rxf6 Rxf6 31. Qxf6 Bf7 32. Rc8+ Be8 33. Rxe8# 1-0

[Event "Betsys MČR v online bleskovém šachu 2021"]
[Site "Chess.com"]
[Date "2021.04.17"]
[Round "4"]
[White "JustFilip05"]
[Black "Clockwork7orange"]
[Result "0-1"]
[WhiteElo "2136"]
[BlackElo "2312"]
[TimeControl "180+1"]
[EndTime "9:37:17 PDT"]
[Termination "Uživatel Clockwork7orange zvítězil po vzdání soupeře"]

1. Nf3 c5 2. b3 Nc6 3. Bb2 d6 4. e3 e5 5. d4 cxd4 6. exd4 e4 7.
Nfd2 f5 8. Be2 Nf6 9. O-O Be7 10.
c4 O-O 11. Re1 Kh8 12. Nf1 d5 13. c5 f4 14. Bc1 Qe8 15. Bxf4 Qg6 16. Be3 Ng4 17.
Nc3 Be6 18. Ng3 h5 19. Qd2 h4 20. Bxg4 Qxg4 21. Nge2 h3 22. Ng3 hxg2 23. Qd1 Qxd1 24.
Raxd1 Rad8 25. Kxg2 Bg4 26. Rd2 Bf3+ 27. Kg1 Bh4 28.
Nce2 g5 29. Kf1 Rf7 30. Ng1 Bg4 31.
h3 Be6 32. Kg2 Kg7 33. N1e2 Kg6 34. Nc3 Rh8 35. Rf1 Bxg3 36. Kxg3 Rxh3+ 37. Kg2 Bg4 38. f4 exf3+ 39. Kf2 Rf5 40. Ke1 Bh5 41. Rdf2 g4 42.
Kd2 g3 43. Rg1 Kf7 44. Rff1 f2 45. Rg2 Bf3 46. Rgxf2 gxf2 47. Rxf2 Ke6 48. Nb5 Rfh5 49. Nc7+ Kd7 50. Nb5 Rh2 51. Kd3 Be4+ 52. Kc3 Rxf2 53. Bxf2 Rh3+ 54. Kb2 a6 55. Nc3 Rh2 56. Nd1 Bf3 57.
Kc3 Bxd1 0-1

[Event "Betsys MČR v online bleskovém šachu 2021"]
[Site "Chess.com"]
[Date "2021.04.17"]
[Round "4"]
[White "OndrejBorkovec"]
[Black "MatyldaCZ"]
[Result "1-0"]
[WhiteElo "1510"]
[BlackElo "1380"]
[TimeControl "180+1"]
[EndTime "9:37:20 PDT"]
[Termination "Uživatel OndrejBorkovec zvítězil na čas"]

1. d4 Nf6 2. c4 d6 3. Nc3 g6 4. Bg5 Bg7 5. Nf3 c6 6. e3 Nbd7 7. Bd3 O-O 8. O-O e5 9. Qc2 Re8 10. dxe5 dxe5 11. Ne4 h6 12. Bh4 Qc7 13. Bg3 Nxe4 14.
Bxe4 Nc5 15. Rac1 Nxe4 16. Qxe4 Bf5 17. Qh4 g5 18. Qh5 Bg6 19. Qg4 f5 20. Qh3 g4 21.
Bxe5 Qxe5 22. Nxe5 gxh3 23. Nxg6 hxg2 24. Kxg2 Bxb2 25.
Rb1 Bf6 26. Rg1 Kf7 27. Kf3 Rg8 28. Rxb7+ Ke8 29. Rg3 Bg5 30. Nf4 Kd8 31. h4 Kc8 32. Rf7 a5 33. hxg5 hxg5 34. Ne6 g4+ 35. Kf4 a4 36.
Rc7+ Kb8 37. Rxc6 Ra5 38. Rc5 Ra6 39. Kxf5 Re8 40. Nd4 Rf8+ 41. Kxg4 Rg6+ 42. Kh3 Rh8+ 43. Kg2 Rgh6 44. Rb5+ Ka7 45. Ra5+ Kb7 46. Rg7+ Kb6 47. Rb5+ Ka6 48. Rbb7 Rh2+ 49. Kf3 R8h3+ 50. Ke2 Rh6 51. Ra7+ Kb6 52. Rgb7+ Kc5 53. Ra5+ Kxc4 54. Rc7+ Kb4 55. Rb5+ Ka3 56. Rc3+ Kxa2 57. Ra5 Rf6 58. Rxa4+ Kb1 59.
Rb4+ 1-0

[Event "Betsys MČR v online bleskovém šachu 2021"]
[Site "Chess.com"]
[Date "2021.04.17"]
[Round "4"]
[White "TheRigos"]
[Black "Pantata007"]
[Result "1-0"]
[WhiteElo "2548"]
[BlackElo "2269"]
[TimeControl "180+1"]
[EndTime "9:37:23 PDT"]
[Termination "Uživatel TheRigos zvítězil na čas"]

1. e4 e5 2. Nf3 Nc6 3. Bb5 a6 4. Ba4 Nf6 5. O-O Be7 6. Re1 b5 7. Bb3 O-O 8. c3 d5 9. d4 exd4 10. e5 Ne4 11. cxd4 Bf5 12. Nc3 Nxc3 13. bxc3 Na5 14. Bc2 Qd7 15. Bg5 Rfe8 16. a4 Bxc2 17. Qxc2 Nc4 18. h3 h6 19. Bf4 Bf8 20. Reb1 Na3 21. Rxa3 Bxa3 22. a5 Bf8 23. Be3 Rec8 24. Rd1 Qe6 25. Qa2 Qc6 26. Ne1 Rd8 27. Bd2 Rab8 28. Nd3 Qc4 29. Qc2 b4 30. Nb2 b3 31.
Qb1 Qb5 32. Qf5 Re8 33. Ra1 Rbc8 34. Qg4 Kh8 35. Qh4 Kh7 36. Qg4 Qb6 37. axb6 1-0

[Event "Betsys MČR v online bleskovém šachu 2021"]
[Site "Chess.com"]
[Date "2021.04.17"]
[Round "4"]
[White "PetrSoucek"]
[Black "Bolavey_Kotnik"]
[Result "0-1"]
[WhiteElo "2019"]
[BlackElo "2363"]
[TimeControl "180+1"]
[EndTime "9:37:23 PDT"]
[Termination "Uživatel Bolavey_Kotnik zvítězil na čas"]

1. e4 c5 2. a3 e6 3. b4 b6 4.
bxc5 bxc5 5. Bc4 d6 6. Ne2 Nf6 7. Nbc3 Be7 8. O-O O-O 9. d3 Nc6 10. f4 Rb8 11. Ng3 Nd4 12. Nce2 d5 13. exd5 exd5 14.
Nxd4 cxd4 15. Bb3 Re8 16. f5 Bd6 17. Nh5 h6 18. Qf3 Bb7 19. Nf4 Qa5 20. Nh5 Qd8 21. Nf4 Be5 22. g4 Qd6 23. h4 Nh7 24. Nh5 Nf6 25.
Nxf6+ Bxf6 26. g5 Be5 27. f6 g6 28. gxh6 Kh7 29. h5 Rg8 30. hxg6+ Rxg6+ 31. Kh1 Rbg8 32. Bf4 Bc8 33. Bxe5 Qxe5 34. Bxd5 Qg5 35. Be4 Qxh6+ 0-1

[Event "Betsys MČR v online bleskovém šachu 2021"]
[Site "Chess.com"]
[Date "2021.04.17"]
[Round "4"]
[White "OlifantCZ"]
[Black "David_Mic"]
[Result "1-0"]
[WhiteElo "2284"]
[BlackElo "1989"]
[TimeControl "180+1"]
[EndTime "9:37:23 PDT"]
[Termination "Uživatel OlifantCZ zvítězil na čas"]

1. c4 Nf6 2. g3 g6 3. Bg2 Bg7 4. Nc3 O-O 5. e4 d6 6. Nge2 e5 7. O-O Nbd7 8. d3 c6 9. h3 Qc7 10. f4 Re8 11. f5 Nf8 12. g4 gxf5 13. gxf5 d5 14. Ng3 dxe4 15. Ncxe4 b6 16. Nxf6+ Bxf6 17. Nh5 Qd6 18. Qg4+ Kh8 19. Bh6 Ng6 20. Be4 Rg8 21. Kh1 Nf4 22. Qf3 Bd7 23. Rg1 Rxg1+ 24. Rxg1 Nxh5 25.
Qxh5 Rg8 26. Rxg8+ Kxg8 27. Qg4+ Kh8 28. Be3 Qf8 29.
Kg2 Qg7 30. Kf3 Qxg4+ 31. hxg4 Be7 32. g5 f6 33. Kg4 Kg7 34. Kh5 fxg5 35. Bxg5 Bf6 36.
b4 Bxg5 37. Kxg5 h6+ 38. Kg4 Kf6 39. a3 h5+ 40. Kxh5 Bxf5 41. Kh4 c5 42. bxc5 bxc5 43. Kh5 a5 44. Kh6 Bxe4 45. dxe4 1-0

[Event "Betsys MČR v online bleskovém šachu 2021"]
[Site "Chess.com"]
[Date "2021.04.17"]
[Round "4"]
[White "nw_tynka"]
[Black "jachymcarostrelec4"]
[Result "0-1"]
[WhiteElo "2194"]
[BlackElo "1943"]
[TimeControl "180+1"]
[EndTime "9:37:24 PDT"]
[Termination "Uživatel jachymcarostrelec4 zvítězil po vzdání soupeře"]

1. e4 c6 2. d4 d5 3. Nc3 dxe4 4. Nxe4 Nf6 5. Nxf6+ exf6 6. c3 Bd6 7. Bd3 O-O 8. Qc2 h5 9. Ne2 Re8 10. Be3 Nd7 11. O-O-O Nf8 12. Ng3 h4 13. Nf5 Bxf5 14. Bxf5 g6 15. Bd3 f5 16. g3 Qf6 17. Qd2 Ne6 18. Bc4 f4 19. gxf4 Nxf4 20. Rhg1 Re4 21. Bd3 Nxd3+ 22. Qxd3 Qf5 23. h3 Rae8 24. Rg5 Qf3 25.
Rdg1 Kg7 26. Qd1 Qxh3 27. Rh1 Qe6 28. Rg4 Qxg4 29. Qxg4 Rxg4 30. Kd2 g5 31. Ke2 f6 32. Kf3 Rf4+ 33. Bxf4 Bxf4 34. Kg4 Kg6 35. Kf3 f5 36. c4 Re4 37. Rd1 g4+ 38. Kg2 h3+ 39. Kh1 Bd6 40.
d5 cxd5 41. cxd5 Kg5 42. Kg1 Kh4 0-1

[Event "Betsys MČR v online bleskovém šachu 2021"]
[Site "Chess.com"]
[Date "2021.04.17"]
[Round "4"]
[White "PavelNo"]
[Black "Bavorak15"]
[Result "1/2-1/2"]
[WhiteElo "1975"]
[BlackElo "1592"]
[TimeControl "180+1"]
[EndTime "9:37:24 PDT"]
[Termination "Remíza opakováním pozice"]

1. e4 d5 2. d3 dxe4 3. dxe4 Qxd1+ 4. Kxd1 e5 5. Be3 Be6 6. Nd2 Nc6 7. c3 O-O-O 8. Kc2 f5 9. f3 Nf6 10. Bd3 g6 11.
Ne2 Bg7 12. a3 fxe4 13. Nxe4 Bb3+ 14. Kxb3 Rxd3 15. Bg5 Nxe4 16. fxe4 h6 17. Bc1 Rf8 18. Kc2 Rfd8 19. Ng3 b6 20. Re1 h5 21. Be3 Na5 22. b3 Kb7 23. Bg5 R8d7 24. Re2 Bf8 25. a4 Bg7 26. Rf1 Nc6 27. Rff2 Na5 28. Nf1 c5 29.
Rd2 Rxd2+ 30. Rxd2 Rxd2+ 31. Nxd2 Kc6 32. b4 cxb4 33. cxb4 Nb7 34. Kd3 Kd6 35. Nc4+ Ke6 36. Ne3 Nd6 37. Nd5 Nb7 38. Nc7+ Kd7 39. Nd5 Kc6 40.
Be7 Kd7 41. Bg5 Kc6 42. Ne7+ Kd7 43. Nd5 1/2-1/2

[Event "Betsys MČR v online bleskovém šachu 2021"]
[Site "Chess.com"]
[Date "2021.04.17"]
[Round "4"]
[White "kalcs"]
[Black "ZdenekRomanek"]
[Result "1-0"]
[WhiteElo "2075"]
[BlackElo "1603"]
[TimeControl "180+1"]
[EndTime "9:37:25 PDT"]
[Termination "Uživatel kalcs zvítězil na čas"]

1. e4 e6 2. d4 d5 3. Nc3 Nf6 4. e5 Nfd7 5. f4 c5 6. Nf3 cxd4 7. Nxd4 Nc6 8. Be3 a6 9. Qd2 Bc5 10. Nxc6 bxc6 11. Bxc5 Nxc5 12. Be2 O-O 13. O-O-O Rb8 14. Nb1 Ne4 15. Qe3 Qa5 16. a3 c5 17. Bd3 Qb6 18. b3 Bb7 19. Bxe4 dxe4 20. Rd6 Qa5 21. Qc3 Qc7 22. Rhd1 Bd5 23. Rxa6 Rfc8 24. Rd6 f6 25. f5 fxe5 26. Qxe5 c4 27. b4 Qe7 28. fxe6 Re8 29.
R6xd5 Qxe6 30. Qxe6+ Rxe6 31. Nc3 e3 32. Re1 Rbe8 33.
b5 e2 34. a4 h5 35. a5 1-0

[Event "Betsys MČR v online bleskovém šachu 2021"]
[Site "Chess.com"]
[Date "2021.04.17"]
[Round "4"]
[White "machonza"]
[Black "mravecuk"]
[Result "0-1"]
[WhiteElo "1977"]
[BlackElo "2272"]
[TimeControl "180+1"]
[EndTime "9:37:26 PDT"]
[Termination "Uživatel mravecuk zvítězil po vzdání soupeře"]

1. e4 e6 2. d3 d5 3. Nd2 Nf6 4. Ngf3 c5 5. g3 Nc6 6. Bg2 Be7 7. O-O Qc7 8. Re1 O-O 9. e5 Nd7 10. Qe2 b5 11. Nf1 Nd4 12. Nxd4 cxd4 13. Bf4 Bb7 14.
h4 Rfc8 15. Rac1 a5 16. h5 Bb4 17. Red1 Ra6 18. Nh2 Rc6 19. a3 Bf8 20. Rd2 b4 21. axb4 Bxb4 22. c3 dxc3 23. bxc3 Rxc3 24. Rxc3 Qxc3 25.
Rd1 Qc2 26. Qg4 Bc5 27. Rf1 Qxd3 28. Bh6 Bf8 29. f4 Qf5 30. Qxf5 exf5 31. Bg5 h6 32. Bh4 a4 33. Rb1 Ba8 34. g4 fxg4 35. Nxg4 a3 36. f5 d4 37. Bxa8 Rxa8 38. Ra1 d3 39. e6 Bc5+ 40. Bf2 fxe6 41. fxe6 Bxf2+ 42. Kxf2 Nc5 43. Ke3 Nxe6 44. Kxd3 Ra5 45. Kc3 Rxh5 46. Rxa3 Rh3+ 47. Kc4 Rxa3 0-1

[Event "Betsys MČR v online bleskovém šachu 2021"]
[Site "Chess.com"]
[Date "2021.04.17"]
[Round "4"]
[White "Adam20032007"]
[Black "mysacek1414"]
[Result "1-0"]
[WhiteElo "1830"]
[BlackElo "1850"]
[TimeControl "180+1"]
[EndTime "9:37:26 PDT"]
[Termination "Uživatel Adam20032007 zvítězil na čas"]

1. d4 Nf6 2. Nf3 c5 3. c3 d5 4. e3 Nc6 5. Bd3 Bg4 6. O-O e5 7. dxe5 Nxe5 8. Be2 Nxf3+ 9. Bxf3 Bxf3 10. Qxf3 Be7 11.
Nd2 O-O 12. e4 dxe4 13. Nxe4 b6 14. Nxf6+ Bxf6 15. Bf4 Qd7 16. Rad1 Qb5 17. Rd2 Rad8 18. Rfd1 Rxd2 19. Rxd2 h6 20. Bxh6 Re8 21. h3 Qc4 22. b3 Qxc3 23. Bf4 Re1+ 24. Kh2 Qxf3 25. gxf3 Ra1 26. Bb8 a6 27. Ba7 Bc3 28. Rd8+ Kh7 29. Bxb6 Bd4 30. a4 Rb1 31. Rc8 Rxb3 32. Bxc5 Rc3 33.
Rc6 Rxc5 34. Rxa6 Bxf2 35. Kg2 Bd4 36. Ra8 Kg6 37. a5 Rc7 38. a6 Ra7 39. Rd8 Bf6 40. Rd6 Kf5 41. Rb6 1-0

[Event "Betsys MČR v online bleskovém šachu 2021"]
[Site "Chess.com"]
[Date "2021.04.17"]
[Round "4"]
[White "FaceOfLightning"]
[Black "xnepom"]
[Result "1/2-1/2"]
[WhiteElo "1963"]
[BlackElo "2246"]
[TimeControl "180+1"]
[EndTime "9:37:27 PDT"]
[Termination "Remíza dohodou"]

1. d4 d5 2. Bf4 c5 3. e3 Nc6 4. c3 e6 5. Nf3 Qb6 6. Qc2 Nf6 7. Nbd2 Be7 8. h3 Bd7 9. Be2 Rc8 10. Qb3 c4 11. Qxb6 axb6 12. Ne5 Ra8 13. O-O h6 14. Nxd7 Kxd7 15. f3 b5 16. e4 Ra6 17. a3 Rha8 18.
Rae1 Nh5 19. Bh2 Bh4 20. Rd1 Bg3 21. f4 Bxh2+ 22. Kxh2 Nf6 23. Bf3 b4 24. axb4 Ra2 25. Rb1 Na7 26. exd5 exd5 27. Rfe1 Nb5 28. Re5 Nxc3 29.
bxc3 Rxd2 30. Bxd5 Nxd5 31. Rxd5+ Ke6 32. Re5+ Kf6 33.
Rc5 Raa2 34. Rg1 b6 35. Rxc4 Kf5 36. d5 Rxd5 37. Rc6 b5 38. Rc5 Rxc5 39. bxc5 Rc2 40.
Rb1 Rxc3 41. Rxb5 Kxf4 42. Rb7 Kf5 43. Rxf7+ Kg6 44. Rc7 Rc2 45. Kg3 Kf6 46. Kf3 Rc3+ 47. Kf2 Rc2+ 48. Kg3 Rc3+ 49. Kf2 Rc2+ 50. Kg3 1/2-1/2

[Event "Betsys MČR v online bleskovém šachu 2021"]
[Site "Chess.com"]
[Date "2021.04.17"]
[Round "4"]
[White "svobodan"]
[Black "EliasD123"]
[Result "0-1"]
[WhiteElo "1654"]
[BlackElo "1306"]
[TimeControl "180+1"]
[EndTime "9:37:29 PDT"]
[Termination "Uživatel EliasD123 zvítězil matem"]

1. e4 e5 2. Nf3 Nc6 3. Nc3 Nf6 4. d4 exd4 5. Nxd4 Bc5 6. Be3 Bxd4 7. Bxd4 d6 8. Bc4 Nxd4 9. Qxd4 c5 10. Qd3 Be6 11. Bxe6 fxe6 12. O-O-O Qd7 13. Qxd6 Qf7 14. Qxc5 Nd7 15. Qd4 Nb6 16. Nb5 O-O 17. f3 Qf4+ 18. Kb1 Rad8 19. Qc3 Na4 20. Qb3 Nc5 21. Qc4 b6 22.
Nd4 Rfe8 23. g3 Qf6 24. Nc6 Rxd1+ 25. Rxd1 Qxf3 26. Re1 Rc8 27. Nd4 Qf2 28. Qe2 Qxd4 29. Qg4 Rd8 30. a3 e5 31. Qf5 Na4 32. c3 Qd3+ 33.
Ka2 Qd2 34. Qe6+ Kh8 35. Rb1 Nxc3+ 36. Ka1 Nxb1 37. Kxb1 Qd1+ 38. Ka2 Qd7 39. Qxe5 Qf7+ 40. b3 Rd2+ 41. Ka1 Qf1# 0-1

[Event "Betsys MČR v online bleskovém šachu 2021"]
[Site "Chess.com"]
[Date "2021.04.17"]
[Round "4"]
[White "chessbeer17"]
[Black "JakubPulpan"]
[Result "0-1"]
[WhiteElo "2344"]
[BlackElo "2719"]
[TimeControl "180+1"]
[EndTime "9:37:30 PDT"]
[Termination "Uživatel JakubPulpan zvítězil po vzdání soupeře"]

1. d4 Nf6 2. c4 e6 3. a3 d5 4.
Nc3 c5 5. e3 a6 6. dxc5 Bxc5 7.
b4 Ba7 8. Bb2 Nc6 9. Nf3 d4 10.
exd4 Nxd4 11. Nxd4 Bxd4 12. Be2 e5 13. O-O Be6 14. Qb3 b5 15. Nd1 Rc8 16. Bxd4 Qxd4 17. Nb2 bxc4 18. Qa4+ Bd7 19. Qc2 c3 20. Nd3 Ne4 21. Rad1 Nd2 22. Nc5 O-O 23. Bxa6 Rxc5 24. bxc5 Ba4 25. Qd3 Bxd1 26. Rxd1 Qa4 27. Rc1 Ne4 28.
Bb5 Qxa3 29. Re1 Nxc5 30. Qd5 c2 31. Qc4 Nd3 32. Qxd3 c1=Q 33. Rxc1 Qxc1+ 34. Qf1 Qxf1+ 35. Bxf1 Rb8 36. g3 f6 37. Kg2 Kf7 38. Bc4+ Ke7 39. h4 f5 40. Bd3 e4 41. Bc4 Rb2 42. Kf1 Kf6 43. Bg8 h6 44. Bd5 g5 45. hxg5+ hxg5 46. Bc6 Ke5 47. Bd7 f4 48. gxf4+ Kxf4 49. Bc6 Kf3 50. Ke1 Re2+ 0-1

[Event "Betsys MČR v online bleskovém šachu 2021"]
[Site "Chess.com"]
[Date "2021.04.17"]
[Round "4"]
[White "veronikam"]
[Black "SajdlJosef"]
[Result "0-1"]
[WhiteElo "1497"]
[BlackElo "1864"]
[TimeControl "180+1"]
[EndTime "9:37:30 PDT"]
[Termination "Uživatel SajdlJosef zvítězil na čas"]

1. e4 c6 2. d4 d5 3. e5 g6 4. Nf3 h5 5. Nc3 Nh6 6. Bd3 Bf5 7. Be3 e6 8. Be2 b5 9. Bg5 Qb6 10. Bf6 Rg8 11. Nh4 Nd7 12. Bg5 a5 13. Qd2 Rh8 14. O-O a4 15. b3 a3 16. Rac1 Ng8 17. Nxf5 gxf5 18. Nd1 Be7 19. Be3 h4 20. c4 bxc4 21. bxc4 Bb4 22. Qc2 Ne7 23. Rb1 Qa5 24. c5 Ng6 25.
Qb3 Rb8 26. Bd2 Bxd2 27. Qxb8+ Nxb8 28. Rxb8+ Kd7 29. Rxh8 Nxh8 30. Bh5 Bc3 31. Nxc3 Qxc3 32. Rd1 Qc2 33. Kf1 Qxa2 34. f4 Qb2 35. Be2 a2 36.
Bd3 a1=Q 0-1

[Event "Betsys MČR v online bleskovém šachu 2021"]
[Site "Chess.com"]
[Date "2021.04.17"]
[Round "4"]
[White "MrNikdo"]
[Black "hoacin"]
[Result "0-1"]
[WhiteElo "2036"]
[BlackElo "2495"]
[TimeControl "180+1"]
[EndTime "9:37:31 PDT"]
[Termination "Uživatel hoacin zvítězil po vzdání soupeře"]

1. e4 c5 2. Nf3 d6 3. d4 cxd4 4.
Nxd4 Nf6 5. Nc3 a6 6. Bg5 e6 7. f4 Qb6 8. Nb3 Nc6 9. Qf3 Be7 10.
O-O-O Qc7 11. Kb1 Bd7 12. g4 h6 13. Bh4 g5 14. Bg3 gxf4 15. Bxf4 Ne5 16. Bxe5 dxe5 17. h4 h5 18. g5 Ng4 19. Bh3 b5 20. Rhf1 O-O-O 21. Bxg4 hxg4 22. Qxg4 Rh7 23. h5 Rg8 24. g6 fxg6 25.
hxg6 Rhg7 26. Rg1 Bb4 27. Rd3 a5 28. a3 a4 29. axb4 axb3 30. cxb3 Qb6 31. Rgd1 Rxg6 32.
Qh5 Bc6 33. Qxe5 Qc7 34. Rd6 Bd7 35. Rc1 Rg1 36. Qd4 Rxc1+ 37. Kxc1 e5 38. Qd5 Rg1+ 39.
Kc2 Qa7 40. Qc5+ Qxc5 41. bxc5 b4 42. Nd5 Bb5 43. Nb6+ Kb7 44. Rd5 Rg2+ 45. Rd2 Rg4 46.
Rd7+ Bxd7 47. Nxd7 Rxe4 48. Nf6 Re2+ 49. Kd3 Rxb2 50.
Kc4 Rf2 51. Nd5 Rf3 52. Nxb4 e4 53. Nc2 e3 54. Nd4 Rf4 55. Kd3 Rxd4+ 0-1

[Event "Betsys MČR v online bleskovém šachu 2021"]
[Site "Chess.com"]
[Date "2021.04.17"]
[Round "4"]
[White "Eliska0107"]
[Black "FutureFideMasseur"]
[Result "0-1"]
[WhiteElo "2019"]
[BlackElo "2434"]
[TimeControl "180+1"]
[EndTime "9:37:31 PDT"]
[Termination "Uživatel FutureFideMasseur zvítězil na čas"]

1. e4 e5 2. Nf3 Nc6 3. Bc4 Nf6 4. d3 Be7 5. h3 O-O 6. O-O d6 7. Bb3 Na5 8. Ba4 Bd7 9. Bxd7 Qxd7 10. c3 Nc6 11. b4 a6 12. a4 Rfe8 13. Bb2 Bf8 14.
Nbd2 Ne7 15. d4 Ng6 16. dxe5 dxe5 17. Qc2 Nf4 18. Kh2 Rad8 19. Nc4 Qe6 20. Ne3 Qc6 21. Rad1 Rxd1 22. Rxd1 Qxe4 23. Qxe4 Nxe4 24. Kg1 Nf6 25. h4 e4 26. Nd4 Nd3 27. Ba1 c5 28. Ndc2 Rc8 29.
b5 axb5 30. axb5 Ra8 31. f3 Nf4 32. c4 exf3 33. gxf3 N6h5 34. Kf2 Be7 35. Nf5 Bf6 36. Bxf6 Nxf6 37. Nce3 g6 38. Nd6 Ra2+ 39. Kg3 N6h5+ 40.
Kg4 Re2 41. Ndf5 gxf5+ 42. Nxf5 Rg2+ 0-1

[Event "Betsys MČR v online bleskovém šachu 2021"]
[Site "Chess.com"]
[Date "2021.04.17"]
[Round "4"]
[White "krystofkrizek1"]
[Black "mendryxchess"]
[Result "1-0"]
[WhiteElo "2102"]
[BlackElo "1752"]
[TimeControl "180+1"]
[EndTime "9:37:32 PDT"]
[Termination "Uživatel krystofkrizek1 zvítězil na čas"]

1. e4 c5 2. Nf3 e6 3. b3 Nc6 4.
Bb2 d6 5. Bc4 Nf6 6. O-O Be7 7. d3 O-O 8. Nbd2 a6 9. d4 cxd4 10.
Nxd4 Qc7 11. Bd3 d5 12. Qe2 Rd8 13. exd5 Rxd5 14. Nxc6 Qxc6 15. Ne4 Qc7 16. c4 Rd8 17.
Rad1 Nxe4 18. Qxe4 g6 19. Be5 Bd6 20. Bg3 e5 21.
Qe2 Be6 22. Be4 f5 23. Bd5 Qe7 24. Bxe5 Bxd5 25. Rxd5 Bxe5 26. Qxe5 Qf7 27. Rfd1 Rxd5 28. Qxd5 Qxd5 29. Rxd5 Re8 30. Kf1 Re7 31. g3 Kf7 32. h4 Ke6 33. Rd3 Rc7 34. Ke2 Rc5 35. Re3+ Kf6 36. Kd3 Ra5 37. a4 Rc5 38. b4 Rc6 39. c5 a5 40. Kc4 axb4 41. Kxb4 1-0